 Dungeon Crawl Stone Soup version 0.26.1-2-gb8aa6d0 (webtiles) character file.

Game seed: 18087303066893827217

609428 catcat the Hoplite (level 27, -1/227 (237) HPs)
             Began as a Human Berserker on July 14, 2023.
             Was the Champion of Trog.
             Killed from afar by a green draconian scorcher (28 damage)
             ... with damnation
             ... on level 1 of the Realm of Zot on July 15, 2023.
             The game lasted 03:13:38 (90242 turns).

catcat the Hoplite (Human Berserker)               Turns: 90242, Time: 03:13:40

HP:   -1/227 (237)  AC: 42    Str: 31    XL:     27
MP:   0/32          EV: 18    Int:  7    God:    Trog [******]
Gold: 5881          SH: 28    Dex: 18    Spells: 26/26 levels left

rFire    + + +     SeeInvis +   o - +9 broad axe (freeze)
rCold    + . .     Faith    .   G - +1 tower shield {reflect}
rNeg     . . .     Spirit   +   u - +11 gold dragon scales
rPois    +         Reflect  +   F - +0 helmet {SInv}
rElec    +         Harm     .   D - +2 cloak {Will+}
rCorr    .         Rampage  .   s - +2 pair of gloves of Beogh's Felicitations {rElec Dex+3}
Will     ++++.                  R - +2 pair of boots {run}
Stlth    ..........             U - amulet of guardian spirit
HPRegen  0.47/turn              S - ring of Ikad {Will+ MP+9}
MPRegen  0.23/turn              m - ring "Useochus" {rPois rF++ Str+2 Stlth+}

@: mighty, corroded, hasted, lightly drained, very quick
A: deterioration 1
}: 3/15 runes: decaying, serpentine, silver
a: Renounce Religion, Berserk, Trog's Hand, Brothers in Arms


You were on level 1 of the Realm of Zot.
You worshipped Trog.
Trog was exalted by your worship.
You visited 10 branches of the dungeon, and saw 48 of its levels.
You visited the Abyss 1 time.
You also visited: Bailey, Gauntlet and Ice Cave.

You collected 8894 gold pieces.
You spent 3013 gold pieces at shops.

Inventory:

Hand Weapons
 o - a +9 broad axe of freezing (weapon)
 v - a +4 broad axe of flaming
 w - a +7 vorpal broad axe
 y - a +9 antimagic broad axe
 P - a +2 eveningstar of draining
Missiles
 i - 30 javelins (quivered)
Armour
 r - a +1 cloak of preservation
 s - the +2 pair of gloves of Beogh's Felicitations (worn) {rElec Dex+3}
   (You found it on level 2 of the Vaults)

   It affects your dexterity (+3).
   It insulates you from electricity.
 u - +11 gold dragon scales (worn)
 D - a +2 cloak of willpower (worn)
 F - a +0 helmet of see invisible (worn)
 G - a +1 tower shield of reflection (worn)
 R - a +2 pair of boots of running (worn)
 X - a scarf of resistance
Jewellery
 m - the ring "Useochus" (right hand) {rPois rF++ Str+2 Stlth+}
   (You acquired it on level 4 of the Lair of Beasts)

   [ring of stealth]

   It affects your strength (+2).
   It greatly protects you from fire.
   It protects you from poison.
   It makes you more stealthy.
 A - the ring "Qocoil" {rPois rN+ rCorr MP+9 Int+7}
   (You bought it in a shop on level 2 of the Depths)

   [ring of resist corrosion]

   It affects your intelligence (+7).
   It protects you from poison.
   It protects you from negative energy.
   It affects your magic capacity (+9).
   It provides partial protection from all sources of acid and corrosion.
 K - an uncursed ring of positive energy
 N - the amulet "Foddusi" {Reflect rF+ Dex+2 SH+5}
   (You found it on level 3 of the Crypt)

   [amulet of reflection]

   It shields you and reflects attacks.
   It affects your dexterity (+2).
   It protects you from fire.
   It affects your SH (+5).
 Q - an uncursed amulet of magic regeneration
 S - the ring of Ikad (left hand) {Will+ MP+9}
   (You found it in a Gauntlet)

   [ring of magical power]

   It affects your willpower, your defense against some magical effects.
   It affects your magic capacity (+9).
 T - an uncursed ring of protection from cold
 U - an amulet of guardian spirit (around neck)
 V - the ring of Jovyloca {rPois rN+ MP+9}
   (You found it on level 4 of the Swamp)

   [ring of magical power]

   It protects you from poison.
   It protects you from negative energy.
   It affects your magic capacity (+9).
Wands
 b - a wand of digging (30)
 g - a wand of enslavement (7)
 q - a wand of paralysis (25)
Scrolls
 a - a scroll of brand weapon
 c - 37 scrolls of remove curse
 k - a scroll of silence
 l - 8 scrolls of magic mapping
 n - 7 scrolls of teleportation
 x - 8 scrolls of fog
 B - 3 scrolls of summoning
 C - 2 scrolls of blinking
 E - 6 scrolls of fear
 L - 9 scrolls of noise
 O - 2 scrolls of holy word
 Z - 5 scrolls of identify
Potions
 d - 7 potions of attraction
 e - 5 potions of mutation
 f - 10 potions of ambrosia
 h - 20 potions of curing
 j - 5 potions of haste
 p - 2 potions of invisibility
 t - 4 potions of berserk rage
 z - 6 potions of magic
 I - 11 potions of might
 J - 9 potions of flight
 M - 11 potions of lignification
 W - 3 potions of resistance
 Y - 2 potions of heal wounds


   Skills:
 * Level 23.9 Fighting
 - Level 20.0 Axes
 - Level 14.0 Throwing
 - Level 19.0 Armour
 + Level 17.4 Dodging
 - Level 25.0 Shields


You had 26 spell levels left.
You didn't know any spells.
Your spell library was empty.

Dungeon Overview and Level Annotations

Branches:
Dungeon (15/15)            Temple (0/1) D:7            Lair (6/6) D:10
  Swamp (4/4) Lair:4        Snake (4/4) Lair:2        Slime (0/5) Lair:5
    Orc (2/2) D:11            Elf (3/3) Orc:2        Vaults (5/5) D:13
  Crypt (3/3) Vaults:2       Tomb (0/3) Crypt:3      Depths (5/5) D:15
    Zot (1/5) Depths:5     Bailey (visited)           IceCv (visited)
Gauntlet (visited)

Altars:
Ashenzari
Dithmenos
Elyvilon
Gozag
Hepliaklqana
Makhleb
Nemelex Xobeh
Okawaru
Qazlal
Ru
Uskayaw
Wu Jian
Yredelemnul
Zin
The Shining One
Lugonu

Shops:
D:5 }   D:12 (   Orc:1 [   Orc:2 !?}[   Vaults:1 [   Vaults:2 [   Vaults:3 (
Depths:1 ?:(   Depths:2 *=(((

Portals:
Hell: Depths:1 Depths:2 Depths:3 Depths:4 Depths:5
Abyss: Depths:1 Depths:4 Depths:5
Pandemonium: Orc:2 Depths:3
Ziggurat: Depths:1

Annotations:
D:6 2 transporters
D:8 3 runed translucent doors, Pashador's ghost, novice DrBe
D:11 2 transporters, SuisLittleHoshiymin's ghost, journeyman DDFi
D:14 exclusion: orange crystal statue
Lair:3 exclusion: 3 oklob plants


Innate Abilities, Weirdness & Mutations

Your body sometimes deteriorates upon taking damage.


Message History

You hear a roar! x5
A moth of wrath, a purple draconian, a draconian monk and a draconian scorcher come into view.
The purple draconian stormcaller roars!
The yellow draconian scorcher roars!
The moth of wrath's fur bristles in rage as it notices you.
The purple draconian roars!
You hear a roar! x2
The red draconian shifter gestures at you while chanting.
You resist with almost no effort.
The yellow draconian scorcher points at you and mumbles some strange words.
The sphere of damnation explodes!
The damnation engulfs you!!
* * * LOW HITPOINT WARNING * * *
A green draconian comes into view. It is wielding a +0 dire flail.
A white draconian annihilator comes into view.
It is wielding a +0 whip.
You hear a roar!
You hear a deafening roar!
A draconian shifter and a draconian scorcher come into view.
The red draconian shifter is wielding a +1 dagger of pain.
The red draconian shifter roars!
The golden dragon roars deafeningly!
The green draconian scorcher roars!
You hear a roar!
The green draconian scorcher gestures at you while chanting.
The sphere of damnation explodes!
The damnation engulfs you!!
You die...

,,,,*,,,*,.q,*,..#...#...........
,,,,,,,,,,...,,,.................
,,,**,,,*,^yq####...........#....
,,,******,,,#...#>....##.....#...
**** #.....#...#....#*#.........
#.....#...#...######...)...
###..qdq#................d...
#...#.dq.........y...........
#......q....@.........^......
#........!..##.....###..##...
**#........#####........##.q.
**#........# ##(......##...
#...q....# #.......##...
####[D...# ######..#*,,.
##..y#### #..#*,,. ##q..##
##..#*,,, *##.ยง.## #...#*,,,


You could see a white draconian monk, a golden dragon, a green draconian, a
purple draconian, 2 draconians, 2 draconians, 2 draconians and a moth of wrath.

Vanquished Creatures
  2 ancient liches (Crypt:3)
  Mara (Crypt:1)
  2 juggernauts
  Boris (4 times) (Vaults:2 Crypt:2 Depths:2 Depths:5)
  The ghost of Heot Zafel the Impregnable, a veteran MiGl of Hepliaklqana (Crypt:3)
  Saint Roka (Snake:2)
  Bai Suzhen (Vaults:3)
  2 curse toes (Crypt:3)
  A caustic shrike (Depths:4)
  5 golden dragons
  13 liches
  11 tentacled monstrosities
  2 quicksilver dragons (Zot:1)
  3 deep elf blademasters
  6 titans
  The ghost of Kare Xaoge the Bludgeoner, an adept DgTm (Vaults:2)
  3 deep elf master archers (Elf:3)
  Gastronok (Lair:1)
  6 sphinxes
  A tentacled starspawn (Abyss:2)
  2 Executioners (Abyss:2)
  8 shadow dragons
  4 ancient champions
  Kirke (Elf:1)
  12 storm dragons
  5 tengu reavers
  12 nagarajas
  2 fenstrider witches
  2 draconian scorchers (Depths:5)
  The ghost of Vudadgh the Warrior, an adept HuWr of Hepliaklqana (Swamp:4)
  A revenant (Crypt:2)
  12 fire giants
  12 deep elf sorcerers
  Roxanne (Elf:3)
  4 orc warlords
  3 iron dragons
  A curse skull (Crypt:2)
  A cacodemon (Abyss:2)
  A draconian knight (Depths:5)
  13 frost giants
  15 vault wardens
  A deep elf elementalist (Elf:3)
  17 ironheart preservers
  A draconian annihilator (Abyss:2)
  The ghost of Wairalebb the Basher, a journeyman BaFi of Cheibriados (Lair:4)
  14 very ugly things
  2 war gargoyles (Vaults:5)
  23 stone giants
  8 vampire knights
  3 bunyips
  6 deep elf demonologists
  A green draconian (Zot:1)
  Nessos (Orc:2)
  A juggernaut skeleton (Depths:1)
  An entropy weaver (Vaults:4)
  2 purple draconians
  3 white draconians
  4 yellow draconians
  4 spark wasps (Depths:4)
  14 ettins
  7 deep elf annihilators (Elf:3)
  2 green deaths (Swamp:4)
  11 deep elf death magi
  6 merfolk impalers
  7 eleionomae
  12 fire dragons
  5 eidola
  A blizzard demon (Gauntlet)
  2 jiangshi (Crypt:3)
  Josephine (Lair:5)
  19 yaktaur captains
  Fannar (Lair:1)
  6 deep elf high priests
  7 rakshasas
  16 great orbs of eyes
  25 hydras
  A hydra (shapeshifter) (Vaults:3)
  20 ice dragons
  19 naga warriors
  13 boulder beetles
  A ghost crab (Swamp:2)
  25 vault guards
  12 centaur warriors
  7 catoblepae
  A juggernaut simulacrum (Depths:2)
  6 spriggan air magi
  8 ogre magi
  6 anacondas
  11 vampire magi
  7 alligators
  2 death knights
  29 dancing weapons
  29 two-headed ogres
  11 deep troll shamans
  8 tengu warriors
  An alligator (shapeshifter) (Depths:4)
  19 naga sharpshooters
  8 deep troll earth magi
  6 shock serpents
  6 death yaks (Lair:6)
  Urug (Lair:5)
  A soul eater (Crypt:1)
  6 spriggan berserkers
  3 thrashing horrors
  2 orc high priests (Orc:2)
  4 shadow wraiths
  40 skeletal warriors
  28 deep elf knights
  A wretched star (Abyss:2)
  A sixfirhy (Orc:2)
  11 hell knights
  3 iron trolls
  25 deep trolls
  6 goliath frogs
  6 naga ritualists
  A salamander mystic (Snake:3)
  2 spriggan druids
  14 large abominations
  A storm dragon skeleton (Crypt:3)
  5 unseen horrors
  13 wizards
  6 glowing orange brains
  11 flayed ghosts
  A deep troll (shapeshifter) (Elf:1)
  4 swamp dragons
  28 deep elf archers
  A torturous demonspawn (Orc:2)
  2 anaconda zombies
  9 ironbrand convokers
  An infernal demonspawn (Orc:2)
  5 mana vipers
  5 necromancers
  13 orc knights
  A tengu zombie (Depths:2)
  9 phantasmal warriors
  69 deep elf magi
  11 bog bodies
  12 cyclopes
  2 stone giant zombies
  4 wolf spiders
  37 ugly things
  A fire giant zombie (Crypt:1)
  6 salamanders
  A will-o-the-wisp (Swamp:1)
  4 moths of wrath (Zot:1)
  A shining eye (shapeshifter) (Depths:2)
  A salamander (shapeshifter) (D:15)
  A cyclops (shapeshifter) (Vaults:5)
  11 orc sorcerers
  18 slime creatures
  A frost giant zombie (Abyss:2)
  Maurice (D:12)
  An iron dragon skeleton (Crypt:1)
  An elephant (shapeshifter) (Elf:1)
  A worldbinder (Abyss:2)
  A centaur zombie (D:14)
  4 manticores
  A black mamba (shapeshifter) (D:15)
  2 frost giant skeletons (Depths:2)
  A rust devil (Depths:2)
  16 naga magi
  16 vault sentinels
  22 elephants
  14 black mambas
  6 guardian serpents
  15 cane toads
  3 orange demons
  A smoke demon (Orc:2)
  3 gargoyles
  Maggie (Lair:1)
  A centaur skeleton (D:14)
  A yellow draconian skeleton (Crypt:3)
  9 freezing wraiths
  66 yaktaurs
  A rime drake (shapeshifter) (Depths:4)
  A komodo dragon (shapeshifter) (Depths:2)
  A pale draconian skeleton (Crypt:1)
  2 tengu conjurers
  3 ice devils
  5 rime drakes
  11 komodo dragons
  2 efreet (D:14)
  A meliai (D:14)
  A meliai (shapeshifter) (Depths:2)
  A death yak skeleton (Crypt:1)
  2 ancient zymes (Abyss:2)
  A red devil (Orc:2)
  A guardian mummy (Crypt:3)
  20 polar bears
  A troll (shapeshifter) (Depths:2)
  2 moth of wrath zombies (Crypt:2)
  11 tyrant leeches
  4 trolls
  A harpy skeleton (Crypt:1)
  A boulder beetle zombie (Crypt:1)
  14 hornets
  20 blink frogs
  A fire giant simulacrum (Abyss:2)
  A hydra skeleton (Crypt:3)
  A dream sheep (shapeshifter) (D:15)
  2 raiju (Abyss:2)
  7 dream sheep (Lair:3)
  A tarantella zombie (Crypt:3)
  A tarantella (shapeshifter) (D:14)
  3 flying skulls
  A black mamba zombie (Crypt:2)
  9 spriggans
  12 wraiths
  5 shadows
  An ettin skeleton (Abyss:2)
  26 water elementals
  A spriggan (shapeshifter) (D:13)
  15 starcursed masses (Abyss:2)
  A fire dragon skeleton (Crypt:3)
  50 yaks
  3 air elementals
  4 fire elementals
  6 basilisks
  3 vampires
  5 wyverns
  A golden eye (shapeshifter) (Depths:2)
  A hog (shapeshifter) (Depths:2)
  7 hogs (Elf:1)
  3 chaos spawn (Depths:4)
  4 wargs
  5 vampire mosquitoes
  10 swamp worms
  A yaktaur simulacrum (Depths:1)
  2 soldier ants
  67 nagas
  A soldier ant (shapeshifter) (Depths:2)
  An acid dragon (Vaults:2)
  Edmund (D:5)
  3 floating eyes
  12 water moccasins
  A water moccasin (shapeshifter) (Depths:3)
  2 swamp drakes
  A two-headed ogre skeleton (Crypt:1)
  An ice beast (D:12)
  6 sky beasts
  12 black bears
  A hornet zombie (D:15)
  An infernal demonspawn skeleton (Crypt:1)
  48 orc warriors
  2 eyes of draining
  2 eyes of draining (shapeshifter)
  2 phantoms (D:4)
  A snapping turtle skeleton (Crypt:3)
  28 centaurs
  12 boggarts
  2 necrophages
  24 wolves
  A blink frog skeleton (Crypt:3)
  30 ogres
  A torpor snail zombie (Crypt:3)
  A yaktaur zombie (Crypt:1)
  4 big kobolds
  3 earth elementals (Elf:3)
  20 bullfrogs
  2 elf skeletons (Crypt:2)
  4 small abominations
  2 human simulacra
  A wyvern zombie (D:14)
  A salamander skeleton (Crypt:1)
  A warg zombie (Crypt:1)
  A troll zombie (Crypt:3)
  7 scorpions
  12 killer bees
  A snapping turtle simulacrum (Abyss:2)
  26 wights
  A howler monkey (D:9)
  An electric eel (Lair:4)
  A bullfrog zombie (D:8)
  4 jellies
  34 orc wizards
  3 hounds
  30 orc priests
  4 iguanas
  Crazy Yiuf (D:2)
  Ijyb (D:3)
  14 hell rats
  8 worker ants
  12 mummies (Crypt:3)
  A worker ant zombie (D:8)
  Robin (D:2)
  4 gnolls (Orc:2)
  A howler monkey zombie (Crypt:2)
  A howler monkey skeleton (Crypt:3)
  7 adders
  3 shadow imps
  5 white imps
  An ooze (D:2)
  An adder skeleton (D:9)
  A lava snake skeleton (Crypt:2)
  2 worms (D:2)
  A dart slug (D:1)
  6 leopard geckos
  107 orcs
  8 bats
  4 giant cockroaches
  19 goblins
  10 hobgoblins
  23 jackals
  A quokka (D:3)
  3 ball pythons
  2 dart slug zombies
  6 frilled lizards
  A hobgoblin skeleton (Crypt:2)
  31 kobolds
  7 rats
  3 bushes (Depths:2)
  6 crawling corpses
2337 creatures vanquished.

Vanquished Creatures (collateral kills)
  A tentacled monstrosity (Zot:1)
  A quicksilver dragon (Zot:1)
  A minotaur (Gauntlet)
  A naga warrior (Snake:4)
  A naga ritualist (Snake:4)
  2 hornets
  A white imp (Gauntlet)
8 creatures vanquished.

Vanquished Creatures (others)
  A deep elf annihilator (Vaults:2)
  A yellow draconian (Zot:1)
  A centaur warrior (D:14)
  A deep elf knight (Elf:3)
  A deep elf mage (Elf:1)
  A bloated husk (Swamp:2)
  A wraith (Crypt:1)
  A swamp worm (Swamp:2)
  An orc warrior (Bailey)
  A black bear (Lair:3)
  A boggart (Elf:1)
  A wight (D:15)
  20 bushes (Depths:2)
  2 demonic plants (Gauntlet)
  8 foxfires (Swamp:1)
  44 fungi
  107 plants
  5 starspawn tentacles (Abyss:2)
198 creatures vanquished.

Grand Total: 2543 creatures vanquished

Notes
Turn   | Place    | Note
-------+----------+-------------------------------------------
     0 | D:1      | catcat the Human Berserker began the quest for the Orb.
     0 | D:1      | Reached XP level 1. HP: 18/18 MP: 1/1
    37 | D:1      | Reached XP level 2. HP: 8/24 MP: 2/2
   426 | D:1      | Reached XP level 3. HP: 21/29 MP: 3/3
   540 | D:1      | You fall into a shaft and drop 1 floor!
   728 | D:2      | Noticed Robin
   765 | D:2      | Killed Robin
   786 | D:2      | Reached XP level 4. HP: 19/35 MP: 4/4
  1209 | D:1      | Reached ** piety under Trog
  1849 | D:2      | Noticed an ogre
  1857 | D:2      | Killed an ogre
  1858 | D:2      | Reached skill level 5 in Axes
  1858 | D:2      | Reached XP level 5. HP: 34/41 MP: 5/5
  2111 | D:2      | Found a runed translucent door.
  2112 | D:2      | Noticed Crazy Yiuf
  2120 | D:2      | Killed Crazy Yiuf
  2121 | D:2      | Reached XP level 6. HP: 47/47 MP: 2/6
  3593 | D:3      | Noticed Ijyb
  3609 | D:3      | Killed Ijyb
  3674 | D:3      | Reached *** piety under Trog
  3800 | D:3      | Found a broken altar of Ashenzari.
  3800 | D:3      | Found a shadowy altar of Dithmenos.
  3803 | D:3      | Found a white marble altar of Elyvilon.
  3861 | D:4      | Noticed a phantom
  3877 | D:4      | Killed a phantom
  3878 | D:4      | Reached XP level 7. HP: 36/52 MP: 7/7
  3976 | D:4      | Found a hide-covered altar of Uskayaw.
  4655 | D:4      | Reached XP level 8. HP: 58/58 MP: 8/8
  4863 | D:4      | Found a stormy altar of Qazlal.
  4984 | D:5      | Entered Level 5 of the Dungeon
  5234 | D:5      | Noticed a wyvern
  5244 | D:5      | Killed a wyvern
  5527 | D:5      | Noticed Edmund
  5541 | D:5      | Killed Edmund
  5632 | D:5      | Found Qaobb's Gadget Shoppe.
  6455 | D:6      | Found a transporter.
  6524 | D:6      | Found a transporter.
  6536 | D:6      | Noticed a fire bat
  7153 | D:7      | Noticed a hornet
  7174 | D:6      | Reached **** piety under Trog
  7179 | D:6      | Reached XP level 9. HP: 55/64 MP: 9/9
  7257 | D:6      | Paralysed by a hornet for 3 turns
  7269 | D:6      | Paralysed by a hornet for 3 turns
  7269 | D:6      | Killed a hornet
  7621 | D:6      | Reached skill level 5 in Armour
  7622 | D:6      | Reached skill level 10 in Axes
  8005 | D:7      | Found an opulent altar of Gozag.
  8191 | D:7      | Found a staircase to the Ecumenical Temple.
  8334 | D:7      | Found a glowing silver altar of Zin.
  8648 | D:7      | Found an ornate altar of the Wu Jian Council.
  8689 | D:7      | Found an iron altar of Okawaru.
  9150 | D:7      | Reached XP level 10. HP: 61/73 MP: 10/10
  9373 | D:7      | Found a sacrificial altar of Ru.
  9422 | D:8      | Paralysed by a hornet for 2 turns
  9828 | D:8      | Found an iron altar of Okawaru.
  9842 | D:8      | Reached skill level 5 in Fighting
 10210 | D:8      | Found a runed translucent gate.
 10210 | D:8      | Found a runed translucent gate.
 10210 | D:8      | Found a runed translucent gate.
 10212 | D:8      | Noticed Pashador's ghost (novice DrBe)
 11313 | D:9      | Found a burning altar of Makhleb.
 11351 | D:9      | Reached ***** piety under Trog
 11417 | D:9      | Found a glowing golden altar of the Shining One.
 11428 | D:9      | Found a broken altar of Ashenzari.
 12205 | D:9      | Found a hazy altar of Hepliaklqana.
 12662 | D:10     | Entered Level 10 of the Dungeon
 12883 | D:10     | Paralysed by a hornet for 1 turns
 12887 | D:10     | Paralysed by a hornet for 3 turns
 13433 | D:10     | Reached XP level 11. HP: 36/83 MP: 11/11
 13914 | D:10     | Found a staircase to the Lair.
 13927 | D:10     | Noticed an unseen horror
 13941 | D:10     | Killed an unseen horror
 14522 | D:10     | Reached skill level 2 in Shields
 14672 | Lair:1   | Entered Level 1 of the Lair of Beasts
 14701 | Lair:1   | Reached skill level 3 in Shields
 14708 | Lair:1   | Reached skill level 4 in Shields
 14972 | Lair:1   | Found a gate leading to a gauntlet.
 14984 | Gauntlet | Entered a Gauntlet
 14984 | Gauntlet | Found a transporter.
 14984 | Gauntlet | Noticed a wizard
 14987 | Gauntlet | Noticed a cacodemon
 14993 | Gauntlet | Found a transporter.
 15005 | Gauntlet | Found a transporter.
 15009 | Gauntlet | Found a transporter.
 15019 | Gauntlet | Found a transporter.
 15019 | Gauntlet | Noticed a hell hog
 15029 | Gauntlet | Found the macabre finger necklace {rN+}
 15036 | Gauntlet | Noticed a glowing orange brain
 15039 | Gauntlet | Found a transporter.
 15045 | Gauntlet | Noticed a red ugly thing
 15047 | Gauntlet | Noticed a cyan ugly thing
 15052 | Gauntlet | Found a transporter.
 15052 | Gauntlet | Noticed a blizzard demon
 15054 | Gauntlet | Found the +4 robe of Augmentation {Str+4 Int+4 Dex+4}
 15069 | Gauntlet | Found a transporter.
 15073 | Gauntlet | Found a transporter.
 15077 | Gauntlet | Noticed a wizard
 15081 | Gauntlet | Found a transporter.
 15102 | Gauntlet | Found a transporter.
 15123 | Gauntlet | Killed a wizard
 15124 | Gauntlet | Reached skill level 5 in Shields
 15136 | Gauntlet | Killed a wizard
 15137 | Gauntlet | Reached skill level 6 in Shields
 15274 | Gauntlet | Identified a +1 pair of boots of running (You found it in a
                  | Gauntlet)
 15290 | Gauntlet | Killed a blizzard demon
 15453 | Gauntlet | Got a vibrating copper ring
 15455 | Gauntlet | Identified the ring of Ikad {Will+ MP+9} (You found it in a
                  | Gauntlet)
 15484 | Gauntlet | Noticed a minotaur
 15489 | Gauntlet | Killed a minotaur
 15490 | Gauntlet | Reached skill level 7 in Shields
 15666 | Lair:1   | Noticed an eight-headed hydra
 15681 | Lair:1   | Killed an eight-headed hydra
 15685 | Lair:1   | Reached XP level 12. HP: 91/91 MP: 12/12
 15701 | Lair:1   | Noticed Gastronok
 16128 | Lair:1   | Received a gift from Trog
 16361 | Lair:1   | Reached skill level 8 in Shields
 16668 | Lair:1   | Noticed Fannar
 16685 | Lair:1   | Killed Fannar
 16686 | Lair:1   | Reached skill level 9 in Shields
 16767 | Lair:1   | Killed Gastronok
 16940 | Lair:1   | Noticed Maggie
 16951 | Lair:1   | Killed Maggie
 17008 | Lair:2   | Found a staircase to the Snake Pit.
 17257 | Lair:2   | Reached skill level 10 in Shields
 18548 | Lair:3   | Noticed an eight-headed hydra
 18592 | Lair:2   | Killed an eight-headed hydra
 18593 | Lair:2   | Reached XP level 13. HP: 63/96 MP: 2/13
 18889 | Lair:3   | Reached skill level 11 in Shields
 18996 | Lair:3   | Noticed a catoblepas
 19069 | Lair:2   | HP: 7/144 [poisoned by a cane toad]
 19074 | Lair:2   | HP: 5/144 [poisoned by a cane toad]
 19078 | Lair:2   | HP: 2/96 [poisoned by a cane toad]
 19433 | Lair:3   | Reached skill level 15 in Axes
 19581 | Lair:3   | Noticed a four-headed hydra
 19608 | Lair:3   | Killed a catoblepas
 19621 | Lair:3   | Killed a four-headed hydra
 19622 | Lair:3   | Reached skill level 12 in Shields
 19848 | Lair:3   | Received a gift from Trog
 20480 | Lair:3   | Noticed a four-headed hydra
 20493 | Lair:3   | Killed a four-headed hydra
 20958 | Lair:4   | Reached skill level 13 in Shields
 21337 | Lair:4   | Noticed a seven-headed hydra
 21353 | Lair:4   | Killed a seven-headed hydra
 21593 | Lair:4   | Found a large runed translucent door.
 21594 | Lair:4   | Found a large runed translucent door.
 21598 | Lair:4   | Noticed Wairalebb's ghost (journeyman BaFi)
 21780 | Lair:4   | Identified 2 scrolls of acquirement
 21781 | Lair:4   | Acquired a manual of Armour
 21783 | Lair:4   | Acquired the ring "Useochus" {rPois rF++ Str+2 Stlth+}
 21792 | Lair:4   | Reached XP level 14. HP: 101/103 MP: 7/14
 22053 | Lair:4   | Killed Wairalebb's ghost
 22140 | Lair:4   | Found a staircase to the Swamp.
 22994 | Lair:5   | Reached skill level 14 in Shields
 23033 | Lair:5   | Noticed Urug
 23057 | Lair:5   | Killed Urug
 23307 | Lair:5   | Noticed Josephine
 23327 | Lair:5   | Killed Josephine
 23568 | Lair:5   | Found a staircase to the Slime Pits.
 23600 | Lair:5   | Got a smouldering buckler
 23611 | Lair:5   | Identified the cursed -7 buckler "Emoc" {Will++ Regen+
                  | Stlth-} (You found it on level 5 of the Lair of Beasts)
 24470 | Lair:5   | Received a gift from Trog
 24471 | Lair:5   | Reached skill level 15 in Shields
 25397 | Lair:5   | Found the +2 Maxwell's thermic engine {flame, freeze}
 25826 | Lair:6   | Entered Level 6 of the Lair of Beasts
 26347 | Lair:6   | Reached XP level 15. HP: 101/108 MP: 8/15
 27925 | D:11     | Received a gift from Trog
 27989 | D:11     | Found a staircase to the Orcish Mines.
 28014 | D:11     | Noticed SuisLittleHoshiymin's ghost (journeyman DDFi)
 28021 | D:11     | Found a transporter.
 28042 | D:11     | Found a flagged portal.
 28059 | Bailey   | Entered a bailey
 28940 | D:11     | Found a transporter.
 28995 | Orc:1    | Entered Level 1 of the Orcish Mines
 29028 | Orc:1    | Found Sadghal's Armour Shoppe.
 29358 | Orc:2    | Entered Level 2 of the Orcish Mines
 29359 | Orc:2    | Noticed Nessos
 29376 | Orc:2    | Killed Nessos
 29659 | Orc:2    | Received a gift from Trog
 29660 | Orc:2    | Reached ****** piety under Trog
 29681 | Orc:2    | Got a translucent demon whip {god gift}
 30159 | Orc:2    | Found a staircase to the Elven Halls.
 30293 | Orc:2    | Found Kiblom's Magic Scroll Shoppe.
 30304 | Orc:2    | Found Kares's Distillery.
 31007 | Orc:2    | Reached XP level 16. HP: 93/116 MP: 8/16
 31136 | Orc:2    | Found Hikot's Antique Armour Boutique.
 31136 | Orc:2    | Found Wyabrot's Gadget Shop.
 31137 | Orc:2    | Found a one-way gate leading to the halls of Pandemonium.
 32020 | Snake:1  | Entered Level 1 of the Snake Pit
 32230 | Snake:1  | Reached skill level 10 in Armour
 32693 | Snake:1  | Received a gift from Trog
 33566 | Snake:2  | Identified the +5 demon whip "Hepnu" {flame, rElec} (Trog
                  | gifted it to you on level 2 of the Orcish Mines)
 33726 | Snake:2  | Noticed Saint Roka
 34148 | Snake:2  | Killed Saint Roka
 34999 | Snake:3  | Reached skill level 5 in Dodging
 35203 | Snake:3  | Noticed a nagaraja
 35218 | Snake:3  | Killed a nagaraja
 36422 | Snake:4  | Entered Level 4 of the Snake Pit
 36529 | Snake:4  | Reached XP level 17. HP: 94/123 MP: 17/17
 37766 | Snake:4  | Received a gift from Trog
 39537 | Snake:4  | Received a gift from Trog
 40699 | Snake:4  | Reached XP level 18. HP: 111/131 MP: 18/18
 41562 | Snake:4  | Reached skill level 10 in Dodging
 42071 | Snake:4  | Got a serpentine rune of Zot
 42297 | Swamp:1  | Entered Level 1 of the Swamp
 42308 | Swamp:1  | Reached skill level 10 in Fighting
 43642 | Swamp:1  | Received a gift from Trog
 43977 | Swamp:1  | Got a steaming scale mail
 43978 | Swamp:1  | Identified the cursed +0 scale mail of the Tormentor {*Slow
                  | rN+ Int+4 Slay+2} (You found it on level 1 of the Swamp)
 44236 | Swamp:2  | Noticed a tentacled monstrosity
 44250 | Swamp:2  | Killed a tentacled monstrosity
 45297 | Swamp:3  | Noticed a tentacled monstrosity
 45298 | Swamp:3  | Found a basalt altar of Yredelemnul.
 45311 | Swamp:3  | Killed a tentacled monstrosity
 45312 | Swamp:3  | Reached skill level 1 in Throwing
 45818 | Swamp:3  | Reached XP level 19. HP: 146/146 MP: 19/19
 46081 | Swamp:4  | Entered Level 4 of the Swamp
 46110 | Swamp:4  | Received a gift from Trog
 47628 | Swamp:4  | Found a runed translucent door.
 47628 | Swamp:4  | Noticed Vudadgh's ghost (adept HuWr)
 47656 | Swamp:4  | Killed Vudadgh's ghost
 47660 | Swamp:4  | Identified the ring of Jovyloca {rPois rN+ MP+9} (You found
                  | it on level 4 of the Swamp)
 48313 | Swamp:4  | Noticed a tentacled monstrosity
 48338 | Swamp:4  | Killed a tentacled monstrosity
 49041 | Swamp:4  | Got a decaying rune of Zot
 49840 | D:12     | Received a gift from Trog
 50131 | D:12     | Found Ulawemy's Antique Weapon Shoppe.
 50142 | D:12     | Reached skill level 5 in Throwing
 50153 | D:12     | Noticed Maurice
 50162 | D:12     | Killed Maurice
 50295 | D:12     | Found a sparkling altar of Nemelex Xobeh.
 52239 | D:13     | Received a gift from Trog
 52419 | D:13     | Found a gate to the Vaults.
 52436 | D:13     | Reached skill level 16 in Shields
 52449 | D:13     | Reached XP level 20. HP: 134/157 MP: 20/20
 52946 | D:14     | Found a frozen archway.
 52964 | IceCv    | Entered an ice cave
 53138 | IceCv    | Received a gift from Trog
 54145 | D:14     | Found a runed translucent door.
 54145 | D:14     | Found a runed translucent door.
 54200 | D:14     | Identified the Papyrus of Aerial Dislocation
 54344 | D:15     | Entered Level 15 of the Dungeon
 54769 | D:15     | Found a staircase to the Depths.
 55295 | D:15     | Received a gift from Trog
 55691 | Vaults:1 | Entered Level 1 of the Vaults
 55903 | Vaults:1 | Reached skill level 17 in Shields
 57285 | Vaults:1 | Received a gift from Trog
 57478 | Vaults:1 | Found Hoimuh's Armour Boutique.
 57482 | Vaults:1 | Bought +0 gold dragon scales for 960 gold pieces
 57506 | Vaults:1 | Bought a +2 pair of boots of running for 498 gold pieces
 57614 | Vaults:2 | Found Isejy's Antique Armour Shoppe.
 57620 | Vaults:2 | Bought a pair of runed gloves for 210 gold pieces
 57664 | Vaults:2 | Noticed Boris
 57679 | Vaults:2 | Killed Boris
 57890 | Vaults:2 | Found a staircase to the Crypt.
 57919 | Vaults:2 | Reached XP level 21. HP: 108/166 MP: 21/21
 58144 | Vaults:2 | Reached skill level 18 in Shields
 58618 | Vaults:2 | Reached skill level 15 in Fighting
 58797 | Vaults:2 | Received a gift from Trog
 59433 | Vaults:2 | Identified the +11 short sword of the Dark Horse {vorpal,
                  | Will+ Str+2}
 59473 | Vaults:2 | Reached skill level 19 in Shields
 59880 | Vaults:2 | Received a gift from Trog
 60018 | Vaults:2 | Identified the +2 pair of gloves of Beogh's Felicitations
                  | {rElec Dex+3} (You found it on level 2 of the Vaults)
 61013 | Vaults:3 | Found a burning altar of Makhleb.
 61283 | Vaults:3 | Found Pebragaiz's Weapon Shoppe.
 61290 | Vaults:3 | Reached XP level 22. HP: 163/175 MP: 22/22
 61295 | Vaults:3 | Noticed Bai Suzhen
 61311 | Vaults:3 | Reached skill level 20 in Shields
 61318 | Vaults:3 | Killed Bai Suzhen
 61322 | Vaults:3 | Received a gift from Trog
 61770 | Vaults:3 | Found a runed translucent gate.
 61831 | Vaults:3 | Noticed Kare Xaoge's ghost (adept DgTm)
 61897 | Vaults:3 | Found a runed translucent gate.
 61898 | Vaults:3 | Found a runed translucent gate.
 61898 | Vaults:3 | Identified the cursed +1 ring mail of the Thirteen Knives
                  | {Str+3}
 62364 | Vaults:3 | Found an iron altar of Okawaru.
 62396 | Vaults:2 | Killed Kare Xaoge's ghost
 62615 | Vaults:3 | Cast into level 2 of the Abyss (orc warlord)
 62617 | Abyss:2  | Found a sacrificial altar of Ru.
 63093 | Abyss:2  | Received a gift from Trog
 63175 | Vaults:3 | Escaped the Abyss
 63717 | Vaults:4 | Reached skill level 21 in Shields
 64351 | Vaults:4 | Received a gift from Trog
 65407 | Vaults:4 | Reached XP level 23. HP: 181/181 MP: 23/23
 65787 | Elf:1    | Entered Level 1 of the Elven Halls
 65823 | Elf:1    | Reached skill level 15 in Armour
 66033 | Elf:1    | Received a gift from Trog
 66810 | Elf:1    | Noticed Kirke
 66830 | Elf:1    | Killed Kirke
 66831 | Elf:1    | Reached skill level 22 in Shields
 67346 | Elf:2    | Found a huge runed translucent gate.
 67348 | Elf:2    | Found a huge runed translucent gate.
 67348 | Elf:2    | Found a huge runed translucent gate.
 67350 | Elf:2    | Found a huge runed translucent gate.
 67350 | Elf:2    | Found a huge runed translucent gate.
 67489 | Elf:2    | Received a gift from Trog
 68953 | Elf:3    | Entered Level 3 of the Elven Halls
 68953 | Elf:3    | Identified Roxanne's Catalogue of the Rocks
 68953 | Elf:3    | Noticed Roxanne
 68968 | Elf:3    | Killed Roxanne
 68988 | Elf:3    | Received a gift from Trog
 69245 | Elf:3    | Acquired 473 gold pieces
 69895 | Elf:3    | Reached XP level 24. HP: 191/191 MP: 10/23
 69932 | Elf:3    | Reached skill level 23 in Shields
 70592 | Elf:3    | Identified the +11 glaive of Brawling {holy, Dex+5}
 70604 | Elf:3    | Identified the +2 robe of Ru's Hope {rN+ MP-9 Dex+3 Slay+3}
 70811 | Elf:3    | Received a gift from Trog
 70922 | Elf:3    | Identified the ring of Gyxoet {+Fly rElec rPois rC- Int+2}
                  | (You found it on level 3 of the Elven Halls)
 71311 | Orc:2    | Bought a scroll of teleportation for 45 gold pieces
 71311 | Orc:2    | Bought a scroll of enchant weapon for 112 gold pieces
 71311 | Orc:2    | Bought a scroll of teleportation for 45 gold pieces
 71520 | Vaults:5 | Entered Level 5 of the Vaults
 71712 | Vaults:5 | Noticed a golden dragon
 71809 | Vaults:4 | Killed a golden dragon
 71810 | Vaults:4 | Reached skill level 24 in Shields
 72073 | Vaults:5 | Received a gift from Trog
 72395 | Vaults:5 | Reached XP level 25. HP: 147/200 MP: 23/23
 73296 | Vaults:5 | Received a gift from Trog
 73304 | Vaults:5 | Reached skill level 25 in Shields
 74046 | Vaults:5 | Acquired a manual of Throwing
 74047 | Vaults:5 | Acquired a +0 helmet of see invisible
 74152 | Vaults:5 | HP: 6/306 [soul eater/drain life[a deep elf demonologist]
                  | (11)]
 74707 | Vaults:5 | Identified the +4 falchion of Caczemmaikh {vorpal, Dex+7}
 74717 | Vaults:5 | Got a silver rune of Zot
 74737 | Vaults:5 | Acquired a manual of Armour
 75430 | Vaults:5 | Identified the +1 leather armour of Tidyg {rCorr MP+9}
 75793 | Crypt:1  | Entered Level 1 of the Crypt
 75926 | Crypt:1  | Reached XP level 26. HP: 195/195 MP: 23/23
 75930 | Crypt:1  | Received a gift from Trog
 76396 | Crypt:1  | Noticed Mara
 76397 | Crypt:1  | Found a basalt altar of Yredelemnul.
 76429 | Crypt:1  | Killed Mara
 77570 | Crypt:2  | Noticed Boris
 77612 | Crypt:2  | Killed Boris
 77819 | Crypt:2  | Reached skill level 10 in Throwing
 78155 | Crypt:3  | Entered Level 3 of the Crypt
 78213 | Crypt:3  | Received a gift from Trog
 78333 | Crypt:3  | Noticed a curse toe
 78333 | Crypt:3  | Noticed a curse toe
 78688 | Crypt:3  | Found a runed translucent door.
 78689 | Crypt:3  | Noticed Heot Zafel's ghost (veteran MiGl)
 78784 | Crypt:3  | Killed Heot Zafel's ghost
 78953 | Crypt:3  | Killed a curse toe
 79376 | Crypt:3  | Identified the ring of Daffodils {*Slow rN+ Will++ Dex-3
                  | Slay+6}
 79696 | Crypt:3  | Found the +8 arc blade {discharge, rElec}
 80112 | Crypt:3  | Found a staircase to the Tomb.
 80370 | Crypt:3  | Killed a curse toe
 80461 | Crypt:3  | Noticed an ancient lich
 80500 | Crypt:3  | Identified the Volume of Stolen Souls
 80501 | Crypt:3  | Identified Sif Muna's Guide on the Oath and Slavery
 80505 | Crypt:3  | Noticed an ancient lich
 80514 | Crypt:3  | Killed an ancient lich
 80517 | Crypt:3  | Killed an ancient lich
 80526 | Crypt:3  | Reached XP level 27. HP: 137/222 MP: 5/23
 80797 | Crypt:3  | Identified the amulet "Foddusi" {Reflect rF+ Dex+2 SH+5}
                  | (You found it on level 3 of the Crypt)
 80805 | Crypt:3  | Identified the ring "Qieczote" {rElec rPois rF- rN+ Dex-5}
                  | (You found it on level 3 of the Crypt)
 80806 | Crypt:3  | Identified the ring of Guon {rF+ rN+ Int+6} (You found it
                  | on level 3 of the Crypt)
 80834 | Crypt:3  | Identified the +3 chain mail "Ote Raes" {Regen+ Str+7} (You
                  | found it on level 3 of the Crypt)
 81040 | Depths:1 | Entered Level 1 of the Depths
 81058 | Depths:1 | Received a gift from Trog
 81456 | Depths:1 | Found Otzaopp's Magic Scroll Boutique.
 81456 | Depths:1 | Found Plog's Book Shop.
 81461 | Depths:1 | Found Bugrituc's Weapon Boutique.
 81465 | Depths:1 | Bought a scroll of blinking for 105 gold pieces
 81465 | Depths:1 | Bought a scroll of enchant armour for 105 gold pieces
 81465 | Depths:1 | Bought a scroll of enchant armour for 105 gold pieces
 81540 | Depths:1 | Found a one-way gate to the infinite horrors of the Abyss.
 81656 | Depths:1 | You fall into a shaft and drop 1 floor!
 81656 | Depths:2 | Found Femonas's General Store.
 81748 | Depths:2 | Found Banedde's Jewellery Shop.
 81760 | Depths:2 | Found Axeir's Antique Weapon Emporium.
 81771 | Depths:2 | Bought the ring "Qocoil" {rPois rN+ rCorr MP+9 Int+7} for
                  | 828 gold pieces
 81818 | Depths:2 | Noticed Boris
 81839 | Depths:2 | Killed Boris
 81840 | Depths:2 | Gained mutation: Your body sometimes deteriorates upon
                  | taking damage. [a shining eye]
 82159 | Depths:2 | Paralysed by a floating eye for 4 turns
 82170 | Depths:2 | Paralysed by a floating eye for 3 turns
 82175 | Depths:2 | Received a gift from Trog
 82844 | Depths:2 | Got a pitted wooden ring
 82872 | Depths:2 | Identified the cursed ring "Edocemmoump" {*Contam rElec
                  | rPois Str+4 Int-4} (You found it on level 2 of the Depths)
 82943 | Depths:2 | Found Osyom's Antique Weapon Shoppe.
 83142 | Depths:2 | Found Coefarux's Antique Weapon Shop.
 83246 | Depths:2 | Found a gateway to Hell.
 83641 | Depths:1 | Found a gateway to a ziggurat.
 84605 | Depths:3 | Received a gift from Trog
 85009 | Depths:3 | Reached skill level 15 in Dodging
 85236 | Depths:3 | Paralysed by a ghostly floating eye for 2 turns
 85318 | Depths:3 | Identified the +4 battleaxe of Indomitability {holy, Int+2
                  | SInv}
 86088 | Depths:4 | Received a gift from Trog
 86664 | Depths:4 | Noticed a juggernaut
 86691 | Depths:4 | Killed a juggernaut
 87719 | Depths:4 | Received a gift from Trog
 88563 | Depths:5 | Entered Level 5 of the Depths
 88566 | Depths:5 | Noticed Boris
 88588 | Depths:5 | Killed Boris
 88970 | Depths:5 | Noticed a juggernaut
 88984 | Depths:5 | Killed a juggernaut
 89430 | Depths:5 | Received a gift from Trog
 89637 | Depths:5 | Found a gate to the Realm of Zot.
 89659 | Depths:5 | Found a corrupted altar of Lugonu.
 90047 | Zot:1    | Entered Level 1 of the Realm of Zot
 90242 | Zot:1    | Killed from afar by a green draconian scorcher

Illustrated notes

Levels and vault maps discovered:
D:1:      lemuel_arrival_cross, layout_basic, dk_noncrumbling_3
D:2:      minmay_door_path, layout_rooms, uniq_robin, uniq_crazy_yiuf_cottage
D:3:      layout_rooms, gammafunk_temple_overflow_claw, uniq_ijyb
D:4:      layout_basic, kennysheep_mini_moat, eat_drink_and_be_merry_uskayaw
D:5:      layout_basic, serial_shops,
          nicolae_shop_temple_entry_statues_fountains, uniq_edmund
D:6:      gammafunk_cloud_chamber, layout_loops_ring
D:7:      layout_cave_pods, lemuel_crystal_altar, lemuel_coloured_pillars_altar,
          overflow_temple_1_default, nzn_wu_jian_contemplation,
          minmay_temple_entry_stoned_glass, nicolae_ru_path_of_blood
D:8:      layout_gridville, gammafunk_ghost_necromancy,
          okawaru_ov_weapons_minmay
D:9:      layout_loops_ring, bloody_makhleb, tso_metal_star,
          nzn_hepliaklqana_mist_gate, basic_altar, minmay_door_square
D:10:     layout_gridville, dpeg_oklobed_lair
D:11:     layout_basic, erik_orc_4, enter_bailey_5,
          gammafunk_ghost_berserking_beasts, minmay_misc_feat_nine_boxes
D:12:     layout_layer_cave, serial_shops, nicolae_shop_crystal,
          nemelex_diamond_rough_becter, uniq_maurice
D:13:     cheibrodos_monumental, layout_cross, skrybe_vaults_entry_preservation
D:14:     minmay_the_grid_triangle_9x9_recursive_2
          [minmay_the_grid_triangle_9x9_prize_schism,
          minmay_the_grid_triangle_9x9_alien,
          minmay_the_grid_triangle_9x9_tough_junction,
          minmay_the_grid_triangle_9x9_empty], layout_small_grid,
          minmay_misc_feat_rows, portal_ice_cave_demonic_guard, st_stairs_4,
          minmay_protected_statue
D:15:     gammafunk_enter_depths_forms, layout_loops_ring,
          minmay_misc_feat_more_columns
Lair:1:   layout_misc_corridors, gauntlet_entry_generic, serial_bayou_pond_d,
          uniq_fannar, uniq_gastronok, uniq_maggie
Lair:2:   layout_roguey, guppyfry_snake_entry_garden,
          chequers_serial_rivers_marsh, cheibrodos_lair_lostbears
Lair:3:   beast_lair_carwin_large_4, layout_cave_pods, minmay_shattered_shrine,
          minmay_lair_oklob_chamber
Lair:4:   layout_loops_ring, nicolae_swamp_entry_splash_gauntlet,
          ebering_ghost_disaster_area, serial_bayou_shore_b
Lair:5:   layout_layer_cave, slime_dummy, beast_lair_carwin_7, uniq_josephine,
          uniq_urug
Lair:6:   evilmike_catoblepas_cave, layout_regular_city
Swamp:1:  layout_falls_marsh, evilmike_swamp_ruin_house_2
Swamp:2:  layout_basic_swamp, nicolae_swamp_little_tower
Swamp:3:  layout_basic_swamp, nicolae_swamp_feature_on_the_river_bank,
          swamp_pool1
Swamp:4:  swamp_vile, layout_basic_swamp, gammafunk_ghost_grave,
          infiniplex_staircase_pool
Snake:1:  layout_misc_corridors, statue_in_the_mist_lemuel
Snake:2:  layout_cave_shapes, uniq_saint_roka
Snake:3:  layout_cave_town
Snake:4:  grunt_snake_rune_spirals, layout_onion
Orc:1:    layout_caves, basic_altar, serial_shops, nicolae_shop_stone, shop
Orc:2:    pf_orc_diabolical, layout_diamond_mine, uniq_nessos
Elf:1:    eino_elf_arrival_shootout, layout_gridlike, hangedman_elf_disciples,
          uniq_kirke
Elf:2:    layout_onion_city, due_unseen_surprise
Elf:3:    minmay_elf_hall_furrowed, layout_gridlike, minmay_misc_feat_pillars,
          grunt_megastairs_4, uniq_roxanne
Vaults:1: vaults_room_fours, ontoclasm_vaults_gallery, vaults_mumra_minichess,
          v_misc_17, v_misc_32, vaults_room_hallway, vaults_dpeg_encased_lava,
          dpeg_vaults_monster_box, vaults_room_stairs_pillars,
          nicolae_vaults_border_crossing, layout_vaults_omnigrid, serial_shops,
          shop
Vaults:2: minmay_crypt_entry_simple_statues, st_octagons_2,
          nicolae_vaults_arrows, ontoclasm_vaults_ring_square,
          hangedman_vaults_slice, hangedman_vaults_river_flow, v_misc_13,
          v_alt_pattern_6, v_rooms_6, vaults_dpeg_hooks, layout_vaults_omnibox,
          serial_shops, shop, uniq_boris, uniq_aizul
Vaults:3: gammafunk_vaults_ghost_fury_of_okawaru, ontoclasm_vaults_ring_square,
          grunt_vaults_trifunnel, nicolae_vaults_theta, v_misc_14,
          nicolae_vaults_angled_halls, nicolae_vaults_ring_of_whatevers,
          hangedman_vaults_capsules, nicolae_vaults_ring_of_whatevers,
          vaults_room_semicircle, nicolae_vaults_stairing_the_circle, v_misc_3,
          nicolae_vaults_mini_display_case, vaults_mumra_chevron,
          vaults_room_mumra_shop_pool, layout_vaults_omnicross, basic_altar,
          uniq_bai_suzhen
Vaults:4: hangedman_vaults_stagger, vaults_dpeg_spiral, v_pattern_4,
          nicolae_vaults_sealed_display, layout_vaults_chaotic_city
Vaults:5: serial_shops
Crypt:1:  layout_rooms, basic_altar, grunt_crypt_arrival_webbed,
          grunt_megastairs_5, uniq_mara
Crypt:2:  layout_chaotic_city, mu_enter_wizlab_5
Crypt:3:  david_glass_crypt, layout_misc_corridors,
          nicolae_tomb_entry_unfolded_pyramid_orthogonal,
          ebering_ghost_reflecting_pool, small_statue_intersection
Depths:1: layout_cave_pools, enter_ziggurat_b, hell_entry, abyss_entry,
          chequers_serial_rivers_micro_c, chequers_serial_rivers_small_3,
          nicolae_water_bricks, hangedman_abyss_or_decor_clamps,
          kennysheep_generic_room_3, serial_bayou_shore_b, minmay_shop_star
Depths:2: wad_statue_garden, layout_honeycomb, grunt_hell_entry_dis_mu,
          serial_shops, nicolae_shop_stone, shop, nicolae_shop_behind_doors,
          nicolae_shop_behind_doors, nicolae_shop_behind_doors,
          minmay_misc_feat_doors, minmay_pinched_square,
          infiniplex_staircase_zigzag_1, serial_bayou_shore_a
Depths:3: minmay_tri_box, layout_gridlike, hell_entry, pan_entry,
          hangedman_decor_slide_cut
Depths:4: kennysheep_large_vault, layout_basic, serial_sigils_hangedman_gut,
          hell_entry, minmay_room_of_horrors, kennysheep_small_spiral
Depths:5: grunt_zot_entry_bicorn, layout_cave_pools, grunt_decor_cap,
          abyss_entry_flame_altar, hell_entry
Zot:1:    layout_misc_corridors

Skill      XL: |  1  2  3  4  5  6  7  8  9 10 11 12 13 14 15 16 17 18 19 20 21 22 23 24 25 26 27 |
---------------+----------------------------------------------------------------------------------+-----
Axes           | 4 5 6 7 9 11 12 13 14 15 16 18 19 20 | 20.0
Dodging        | 3 6 9 11 12 14 17 | 17.4
Armour         | 3 4 6 9 10 14 15 18 19 | 19.0
Fighting       | 4 6 7 8 12 13 14 15 16 18 19 23 | 23.9
Shields        | 7 10 13 15 16 17 19 21 22 24 25 | 25.0
Throwing       | 2 5 7 12 14 | 14.0

Action                   |  1- 3 |  4- 6 |  7- 9 | 10-12 | 13-15 | 16-18 | 19-21 | 22-24 | 25-27 || total
-------------------------+-------+-------+-------+-------+-------+-------+-------+-------+-------++-------
Melee: Hand axe          |    60 |   219 |       |       |       |       |       |       |       ||   279
       War axe           |       |    31 |   300 |   477 |       |       |       |       |       ||   808
       Unarmed           |       |       |       |     8 |       |       |       |       |       ||     8
       Flail             |       |       |       |    19 |    79 |       |       |       |       ||    98
       Broad axe         |       |       |       |   142 |  1077 |  1238 |  1554 |  1515 |  2540 ||  8066
Throw: Javelin           |       |       |       |       |     7 |     3 |    14 |     1 |     2 ||    27
Invok: Berserk           |     2 |     5 |     7 |    11 |    16 |    13 |     5 |     4 |    10 ||    73
       Brothers in Arms  |       |       |     1 |     3 |       |     1 |       |       |     6 ||    11
Evoke: Wand              |       |       |       |       |     1 |       |       |       |       ||     1
  Use: Scroll            |       |     3 |     8 |    17 |    13 |    10 |    15 |    24 |    41 ||   131
       Potion            |       |       |     3 |     3 |     2 |     1 |       |     1 |    12 ||    22
 Stab: Distracted        |       |       |     1 |     1 |       |       |       |     1 |       ||     3
       Petrified         |       |       |       |       |    11 |       |     3 |       |       ||    14
       Confused          |       |       |       |       |       |     1 |       |       |       ||     1
       Petrifying        |       |       |       |       |       |       |     3 |       |       ||     3
Armor: Animal skin       |     5 |       |       |       |       |       |       |       |       ||     5
       Ring mail         |    11 |    99 |       |       |       |       |       |       |       ||   110
       Plate armour      |       |    14 |   193 |   382 |   445 |   340 |   336 |       |       ||  1710
       Skin              |       |       |       |     2 |       |       |       |       |       ||     2
       Gold dragon scale |       |       |       |       |       |       |   129 |   368 |   641 ||  1138
Dodge: Dodged            |    45 |   151 |   100 |   203 |   246 |   337 |   319 |   241 |   536 ||  2178
       Repelled          |       |       |       |       |     4 |    60 |     2 |       |       ||    66
Block: Kite shield       |       |       |       |   223 |   837 |   808 |   284 |       |       ||  2152
       Tower shield      |       |       |       |       |       |       |   982 |  1289 |  2221 ||  4492
       Reflection        |       |       |       |       |       |       |   122 |   148 |    75 ||   345
